TOP OF THE 1ST |
So Cal Bruins batting - Pitching for Kansas City Kings : RHP Ron Young
|
Pitching: RHP Ron Young
|
|
Batting: LHB Jesús Campos
|
0-0: Ball 1-0: Called Strike 1-1: Called Strike 1-2: Foul Ball, location: 2F 1-2: Ball 2-2: Foul Ball, location: 2F 2-2: TRIPLE (Flyball, 89XD)
|
Batting: LHB Robinson Fernández
|
0-0: Ball 1-0: Called Strike 1-1: Ball 2-1: Ball 3-1: Swinging Strike 3-2: Strikes out looking
|
Batting: RHB Earl Wiggins
|
0-0: Ball 1-0: Called Strike 1-1: Foul Ball, location: 2F 1-2: Ball 2-2: Ball 3-2: DOUBLE (Line Drive, 78M) Jesús Campos scores
|
Batting: LHB José Antonio Santiago
|
0-0: Ball 1-0: Called Strike 1-1: Ball 2-1: Swinging Strike 2-2: Ground out 4-3 (Groundball, 34) Earl Wiggins to third
|
Batting: RHB William Richardson
|
0-0: Called Strike 0-1: Ball 1-1: Ball 2-1: Ball 3-1: Base on Balls
|
Batting: LHB Kiyonaga Morita
|
0-0: Foul Ball, location: 2F 0-1: Ball 1-1: Called Strike 1-2: Ball 2-2: Strikes out swinging
|
Top of the 1st over - 1 run(s), 2 hit(s), 0 error(s), 2 left on base; So Cal 1 - Kansas City 0 |
BOTTOM OF THE 1ST |
Kansas City Kings batting - Pitching for So Cal Bruins : RHP Juan González
|
Pitching: RHP Juan González
|
|
Batting: SHB John Miller
|
0-0: Foul Ball, location: 2F 0-1: Ground out 4-3 (Groundball, 4)
|
Batting: SHB Douglas Taylor
|
0-0: Called Strike 0-1: Ball 1-1: Foul Ball, location: 2F 1-2: Strikes out swinging
|
Batting: RHB Toshimichi Kono
|
0-0: Foul Ball, location: 2F 0-1: Called Strike 0-2: SINGLE (Groundball, 4D)
|
Batting: LHB Stan Hickman
|
0-0: Ball 1-0: Foul Ball, location: 2F 1-1: Ball 2-1: SINGLE (Groundball, 6D) Toshimichi Kono to second
|
Batting: RHB Dave Parker
|
0-0: Foul Ball, location: 2F 0-1: Ball 1-1: Swinging Strike 1-2: Fielders Choice at 2nd, 4-6 (Groundball, 4)
|
Bottom of the 1st over - 0 run(s), 2 hit(s), 0 error(s), 1 left on base; So Cal 1 - Kansas City 0 |
TOP OF THE 2ND |
So Cal Bruins batting - Pitching for Kansas City Kings : RHP Ron Young
|
Batting: RHB Lawrence Schroeder
|
0-0: Called Strike 0-1: Ground out 5-3 (Groundball, 56)
|
Batting: LHB Jeff Carter
|
0-0: Foul Ball, location: 2F 0-1: Ball 1-1: Ball 2-1: Swinging Strike 2-2: Strikes out swinging
|
Batting: RHB Morgan Gibbon
|
0-0: SINGLE (Line Drive, 89S)
|
Batting: LHB Jesús Campos
|
0-0: Ball 1-0: Fielders Choice at 2nd, 4-6 (Groundball, 4)
|
Top of the 2nd over - 0 run(s), 1 hit(s), 0 error(s), 0 left on base; So Cal 1 - Kansas City 0 |
BOTTOM OF THE 2ND |
Kansas City Kings batting - Pitching for So Cal Bruins : RHP Juan González
|
Batting: LHB Brian Boone
|
0-0: Ball 1-0: Foul Ball, location: 2F 1-1: Called Strike 1-2: Strikes out swinging
|
Batting: LHB Luis González
|
0-0: Called Strike 0-1: Ground out 4-3 (Groundball, 4)
|
Batting: SHB António De La Cruz
|
0-0: Swinging Strike 0-1: Fly out, F6 (Popup, 6)
|
Bottom of the 2nd over - 0 run(s), 0 hit(s), 0 error(s), 0 left on base; So Cal 1 - Kansas City 0 |
TOP OF THE 3RD |
So Cal Bruins batting - Pitching for Kansas City Kings : RHP Ron Young
|
Batting: LHB Robinson Fernández
|
0-0: Ball 1-0: Called Strike 1-1: Called Strike 1-2: Foul Ball, location: 2F 1-2: Strikes out swinging
|
Batting: RHB Earl Wiggins
|
0-0: Fly out, F7 (Line Drive, 7)
|
Batting: LHB José Antonio Santiago
|
0-0: Called Strike 0-1: Foul Ball, location: 2F 0-2: Strikes out swinging
|
Top of the 3rd over - 0 run(s), 0 hit(s), 0 error(s), 0 left on base; So Cal 1 - Kansas City 0 |
BOTTOM OF THE 3RD |
Kansas City Kings batting - Pitching for So Cal Bruins : RHP Juan González
|
Batting: SHB José Cruz
|
0-0: Fly out, F2 (Popup, 15)
|
Batting: SHB John Miller
|
0-0: Ball 1-0: Called Strike 1-1: Ball 2-1: Called Strike 2-2: Ground out 3-1 (Groundball, 3S)
|
Batting: SHB Douglas Taylor
|
0-0: Ball 1-0: Ball 2-0: Foul Ball, location: 2F 2-1: SOLO HOME RUN (Flyball, 8RXD), Distance : 416 ft
|
Batting: RHB Toshimichi Kono
|
0-0: Ball 1-0: Foul Ball, location: 2F 1-1: SINGLE (Line Drive, 56)
|
Batting: LHB Stan Hickman
|
0-0: Ball 1-0: Ball 2-0: Foul Ball, location: 2F 2-1: SINGLE (Groundball, 6MD) Toshimichi Kono to second
|
Batting: RHB Dave Parker
|
0-0: Called Strike 0-1: Fly out, F8 (Flyball, 8LM)
|
Bottom of the 3rd over - 1 run(s), 3 hit(s), 0 error(s), 2 left on base; So Cal 1 - Kansas City 1 |
TOP OF THE 4TH |
So Cal Bruins batting - Pitching for Kansas City Kings : RHP Ron Young
|
Batting: RHB William Richardson
|
0-0: Ball 1-0: Called Strike 1-1: Foul Ball, location: 2F 1-2: Foul Ball, location: 2F 1-2: Ball 2-2: Foul Ball, location: 2F 2-2: Ball 3-2: Ground out 5-3 (Groundball, 56)
|
Batting: LHB Kiyonaga Morita
|
0-0: Ball 1-0: Called Strike 1-1: Called Strike 1-2: Ball 2-2: Fly out, F8 (Line Drive, 8LM)
|
Batting: RHB Lawrence Schroeder
|
0-0: Ball 1-0: Ball 2-0: Swinging Strike 2-1: Ball 3-1: Base on Balls
|
Batting: LHB Jeff Carter
|
0-0: Called Strike 0-1: 2-RUN HOME RUN (Flyball, 8RXD), Distance : 400 ft
|
Batting: RHB Morgan Gibbon
|
0-0: Ball 1-0: Foul Ball, location: 2F 1-1: Ball 2-1: Foul Ball, location: 2F 2-2: Foul Ball, location: 2F 2-2: Strikes out looking
|
Top of the 4th over - 2 run(s), 1 hit(s), 0 error(s), 0 left on base; So Cal 3 - Kansas City 1 |
BOTTOM OF THE 4TH |
Kansas City Kings batting - Pitching for So Cal Bruins : RHP Juan González
|
Batting: LHB Brian Boone
|
0-0: Foul Ball, location: 2F 0-1: Ball 1-1: Ground out 4-3 (Groundball, 4M)
|
Batting: LHB Luis González
|
0-0: Ball 1-0: Ball 2-0: Ground out 4-3 (Groundball, 4)
|
Batting: SHB António De La Cruz
|
0-0: Ball 1-0: Ball 2-0: Ground out 6-3 (Groundball, 6)
|
Bottom of the 4th over - 0 run(s), 0 hit(s), 0 error(s), 0 left on base; So Cal 3 - Kansas City 1 |
TOP OF THE 5TH |
So Cal Bruins batting - Pitching for Kansas City Kings : RHP Ron Young
|
Batting: LHB Jesús Campos
|
0-0: Foul Ball, location: 2F 0-1: Ball 1-1: Foul Ball, location: 2F 1-2: Foul Ball, location: 2F 1-2: Ball 2-2: Ground out 6-3 (Groundball, 6)
|
Batting: LHB Robinson Fernández
|
0-0: Swinging Strike 0-1: Called Strike 0-2: Strikes out swinging
|
Batting: RHB Earl Wiggins
|
0-0: Called Strike 0-1: Ground out 6-3 (Groundball, 6)
|
Top of the 5th over - 0 run(s), 0 hit(s), 0 error(s), 0 left on base; So Cal 3 - Kansas City 1 |
BOTTOM OF THE 5TH |
Kansas City Kings batting - Pitching for So Cal Bruins : RHP Juan González
|
Batting: SHB José Cruz
|
0-0: Ball 1-0: Ground out 4-3 (Groundball, 4)
|
Batting: SHB John Miller
|
0-0: Foul Ball, location: 2F 0-1: Fly out, F8 (Flyball, 8LD)
|
Batting: SHB Douglas Taylor
|
0-0: Ball 1-0: Ball 2-0: Foul Ball, location: 2F 2-1: SOLO HOME RUN (Flyball, 8RXD), Distance : 414 ft
|
Batting: RHB Toshimichi Kono
|
0-0: Swinging Strike 0-1: Ball 1-1: Ball 2-1: Ball 3-1: Called Strike 3-2: Ground out 6-3 (Groundball, 6)
|
Bottom of the 5th over - 1 run(s), 1 hit(s), 0 error(s), 0 left on base; So Cal 3 - Kansas City 2 |
TOP OF THE 6TH |
So Cal Bruins batting - Pitching for Kansas City Kings : RHP Ron Young
|
Pitching: RHP Ray Watkins
|
|
Batting: LHB José Antonio Santiago
|
0-0: Fly out, F9 (Line Drive, 9LM)
|
Batting: RHB William Richardson
|
0-0: Ball 1-0: DOUBLE (Flyball, 9D)
|
Batting: LHB Kiyonaga Morita
|
0-0: Intentional Walk
|
Batting: RHB Lawrence Schroeder
|
0-0: Swinging Strike 0-1: Foul Ball, location: 2F 0-2: Ball 1-2: Ball 2-2: Foul Ball, location: 2F 2-2: Ground out 6-3 (Groundball, 6D) William Richardson to third Kiyonaga Morita to second
|
Batting: LHB Jeff Carter
|
0-0: Ball 1-0: Called Strike 1-1: Called Strike 1-2: Ball 2-2: Strikes out swinging
|
Top of the 6th over - 0 run(s), 1 hit(s), 0 error(s), 2 left on base; So Cal 3 - Kansas City 2 |
BOTTOM OF THE 6TH |
Kansas City Kings batting - Pitching for So Cal Bruins : RHP Juan González
|
Batting: LHB Stan Hickman
|
0-0: Ball 1-0: Foul Ball, location: 2F 1-1: Swinging Strike 1-2: Fly out, F7 (Line Drive, 78S)
|
Batting: RHB Dave Parker
|
0-0: Called Strike 0-1: Swinging Strike 0-2: Strikes out swinging
|
Batting: LHB Brian Boone
|
0-0: Ball 1-0: Ball 2-0: Called Strike 2-1: Foul Ball, location: 2F 2-2: Ball 3-2: Base on Balls
|
Batting: LHB Luis González
|
0-0: Called Strike 0-1: Ball 1-1: Ball 2-1: Foul Ball, location: 2F 2-2: SINGLE (Groundball, 34D) Brian Boone to second Brian Boone to third
|
Batting: SHB António De La Cruz
|
0-0: Ball 1-0: Fielders Choice at 2nd, 6-4 (Groundball, 6)
|
Bottom of the 6th over - 0 run(s), 1 hit(s), 0 error(s), 1 left on base; So Cal 3 - Kansas City 2 |
TOP OF THE 7TH |
So Cal Bruins batting - Pitching for Kansas City Kings : RHP Ray Watkins
|
Batting: RHB Morgan Gibbon
|
0-0: Swinging Strike 0-1: Ground out 5-3 (Groundball, 56)
|
Batting: LHB Jesús Campos
|
0-0: Ball 1-0: Ball 2-0: Foul Ball, location: 2F 2-1: Ball 3-1: Base on Balls
|
Batting: LHB Robinson Fernández
|
0-0: Fly out, F7 (Flyball, 78M)
|
Batting: RHB Earl Wiggins
|
0-0: Foul Ball, location: 2F 0-1: Ball 1-1: Called Strike 1-2: Foul Ball, location: 2F 1-2: Fly out, F2 (Popup, 2L)
|
Top of the 7th over - 0 run(s), 0 hit(s), 0 error(s), 1 left on base; So Cal 3 - Kansas City 2 |
BOTTOM OF THE 7TH |
Kansas City Kings batting - Pitching for So Cal Bruins : RHP Juan González
|
Batting: SHB José Cruz
|
0-0: Called Strike 0-1: Ball 1-1: SINGLE (Groundball, 4D)
|
Batting: SHB John Miller
|
0-0: Ball 1-0: Bunt missed! 1-1: Ball 2-1: Bunted foul 2-2: Strikes out swinging
|
Batting: SHB Douglas Taylor
|
0-0: Ball 1-0: Ball 2-0: Called Strike 2-1: Foul Ball, location: 2F 2-2: Ball 3-2: Foul Ball, location: 2F 3-2: Base on Balls José Cruz to second
|
Pitching: RHP Jerry Good
|
|
Batting: RHB Toshimichi Kono
|
0-0: Called Strike 0-1: Ball 1-1: Called Strike Throwing error on steal attempt, E2 José Cruz scores Douglas Taylor to third 1-2: Ball 2-2: Fly out, F6 (Popup, 6D)
|
Pitching: LHP Stanley Inman
|
|
Batting: LHB Stan Hickman
|
0-0: Ball 1-0: Called Strike 1-1: Ball 2-1: Foul Ball, location: 2F 2-2: Ball 3-2: Foul Ball, location: 2F 3-2: SINGLE (Line Drive, 9LS) Douglas Taylor scores
|
Batting: RHB Dave Parker
|
0-0: Called Strike 0-1: Ball 1-1: Swinging Strike 1-2: Ball 2-2: Strikes out swinging
|
Bottom of the 7th over - 2 run(s), 2 hit(s), 1 error(s), 1 left on base; So Cal 3 - Kansas City 4 |
TOP OF THE 8TH |
So Cal Bruins batting - Pitching for Kansas City Kings : RHP Ray Watkins
|
Pitching: RHP Nick Parks
|
|
Batting: LHB José Antonio Santiago
|
0-0: Swinging Strike 0-1: Called Strike 0-2: Ball 1-2: Foul Ball, location: 2F 1-2: Strikes out swinging
|
Batting: RHB William Richardson
|
0-0: Ball 1-0: Foul Ball, location: 2F 1-1: Foul Ball, location: 2F 1-2: Ball 2-2: Ball 3-2: Hit by Pitch
|
Batting: LHB Kiyonaga Morita
|
0-0: Ball 1-0: Ball 2-0: Swinging Strike 2-1: Called Strike 2-2: Ball 3-2: Foul Ball, location: 2F 3-2: Grounds into double play, 4-6-3 (Groundball, 4)
|
Top of the 8th over - 0 run(s), 0 hit(s), 0 error(s), 0 left on base; So Cal 3 - Kansas City 4 |
BOTTOM OF THE 8TH |
Kansas City Kings batting - Pitching for So Cal Bruins : LHP Stanley Inman
|
Batting: LHB Brian Boone
|
0-0: Ball 1-0: Foul Ball, location: 2F 1-1: Swinging Strike 1-2: Foul Ball, location: 2F 1-2: Ball 2-2: Ball 3-2: Fly out, F8 (Flyball, 89D)
|
Pitching: RHP Masahiko Okada
|
|
Batting: LHB Luis González
|
0-0: Ball 1-0: Ball 2-0: Foul Ball, location: 2F 2-1: Ball 3-1: Base on Balls
|
Batting: SHB António De La Cruz
|
0-0: Ball Luis González is caught stealing 2nd base 1-0: Foul Ball, location: 2F 1-1: Fly out, F7 (Flyball, 7S)
|
Bottom of the 8th over - 0 run(s), 0 hit(s), 0 error(s), 0 left on base; So Cal 3 - Kansas City 4 |
TOP OF THE 9TH |
So Cal Bruins batting - Pitching for Kansas City Kings : RHP Nick Parks
|
Pitching: RHP Alberto Bonilla
|
|
Batting: RHB Lawrence Schroeder
|
0-0: Ball 1-0: Ball 2-0: Swinging Strike 2-1: Ball 3-1: Base on Balls
|
Batting: LHB Jeff Carter
|
0-0: Ball 1-0: Bunted foul 1-1: Bunted foul 1-2: Ground out U3 (Groundball, 34S) Lawrence Schroeder to second
|
Batting: RHB Morgan Gibbon
|
0-0: Swinging Strike 0-1: Called Strike 0-2: Foul Ball, location: 2F 0-2: Ball 1-2: Ball 2-2: Foul Ball, location: 2F 2-2: Fly out, F7 (Flyball, 7LM)
|
Batting: LHB Jesús Campos
|
0-0: Ball 1-0: Ball 2-0: Ball 3-0: Called Strike 3-1: Swinging Strike 3-2: Base on Balls
|
Batting: LHB Robinson Fernández
|
0-0: Ball Balk! Lawrence Schroeder to third Jesús Campos to second 1-0: Ball 2-0: Called Strike 2-1: Swinging Strike 2-2: Ground out 5-3 (Groundball, 56)
|
Top of the 9th over - 0 run(s), 0 hit(s), 0 error(s), 2 left on base; So Cal 3 - Kansas City 4 |
|